AoeStats
← meditator27

Arena

503801020Analyzed
4v4 RM · 29d ago on Sep 2, 2026· 41m 15s· 8 players
Game mode
Random Map
Map size
Large (8 player)
Population
200
Speed
Normal
Resources
Standard
Victory
Conquest
Starting age
Dark Age
Ending age
Imperial Age
RankedLock teamsTeams togetherTeam positionsShared explorationLock speedFull tech treeHidden civsTurbo modeCheats
Victory
Defeat
🇨🇳 Mongols · China
1429
+7
989
+25
🇨🇳 Portuguese · China
967
+26
🇹🇼 Koreans · Taiwan
1223
-19
🇭🇰 Persians · Hong Kong SAR China
1221
-19
🇦🇿 Hindustanis · Azerbaijan
1203
-18
🇹🇼 Bohemians · Taiwan
1189
-18
meditator27
10:54 Feudal Age
14:42 Castle Age
12:39 Double-Bit Axe
13:14 Horse Collar
15:52 Bow Saw
19:04 Loom
20:20 Wheelbarrow
28:33 Imperial Age
27:39 Chemistry
27:03 Heavy Plow
27:20 Padded Archer Armor
27:51 Hand Cart
29:28 Leather Archer Armor
30:58 Conscription
31:09 Ballistics
33:17 Two-Man Saw
34:21 Ring Archer Armor
38:12 Houfnice
I have Gun
11:20 Feudal Age
15:10 Castle Age
13:26 Horse Collar
14:04 Double-Bit Axe
16:58 Heavy Plow
18:29 Bow Saw
22:29 Wheelbarrow
22:47 Stone Mining
22:47 Gold Mining
28:57 Imperial Age
26:24 Loom
26:50 Scale Barding Armor
26:55 Forging
27:19 Forging
27:11 Gold Mining
27:57 Stone Shaft Mining
27:57 Hand Cart
28:10 Town Watch
28:46 Chain Barding Armor
29:01 Iron Casting
29:08 Iron Casting
30:20 Plate Barding Armor
29:48 Town Patrol
29:28 Heavy Camel Rider
30:19 Bloodlines
32:01 Blast Furnace
31:21 Husbandry
33:03 Two-Man Saw
32:27 Conscription
31:30 Imperial Camel Rider
36:11 Caravan
36:22 Light Cavalry
メリダ
6:59 Loom
9:19 Feudal Age
9:55 Double-Bit Axe
13:28 Fletching
21:18 Castle Age
20:15 Horse Collar
20:28 Gold Mining
26:15 Bodkin Arrow
27:33 Town Watch
28:23 Wheelbarrow
34:59 Bow Saw
36:25 Fortified Wall
37:44 Heavy Plow
41:08 Imperial Age
别忘了喝醉
10:08 Feudal Age
14:14 Castle Age
12:38 Double-Bit Axe
23:19 Wheelbarrow
23:43 Scale Barding Armor
25:40 Bloodlines
26:47 Chain Barding Armor
26:37 Forging
28:23 Gold Mining
28:21 Light Cavalry
32:09 Imperial Age
29:59 Hand Cart
29:30 Town Watch
30:23 Iron Casting
30:12 Husbandry
31:24 Gold Shaft Mining
30:38 Horse Collar
32:28 Bow Saw
32:22 Heavy Plow
31:47 Cavalier
33:33 Plate Barding Armor
34:17 Crop Rotation
35:44 Two-Man Saw
35:47 Blast Furnace
35:07 Stone Mining
35:32 Savar
36:56 Masonry
36:50 Padded Archer Armor
36:40 Fletching
37:29 Stone Shaft Mining
36:48 Elite Skirmisher
39:01 Leather Archer Armor
38:41 Bodkin Arrow
40:25 Ring Archer Armor
39:19 Crossbowman
40:05 Thumb Ring
41:00 Architecture
40:51 Ballistics
41:32 Chemistry
41:34 Conscription
Coriandrum sativum
10:17 Feudal Age
9:57 Loom
14:07 Castle Age
12:24 Double-Bit Axe
12:25 Horse Collar
13:12 Double-Bit Axe
15:38 Bow Saw
20:01 Bow Saw
27:20 Imperial Age
26:12 Wheelbarrow
26:01 Gold Mining
26:02 Stone Mining
28:32 Fletching
29:46 Hand Cart
30:42 Heavy Plow
31:25 Bodkin Arrow
33:15 Scale Barding Armor
33:54 Forging
34:57 Bloodlines
34:47 Husbandry
35:08 Chain Barding Armor
35:00 Heavy Camel Rider
37:09 Iron Casting
37:33 Gold Shaft Mining
38:53 Blast Furnace
39:53 Bracer
39:56 Light Cavalry
40:48 Padded Archer Armor
我不是蓝精灵
11:20 Feudal Age
15:18 Castle Age
13:19 Double-Bit Axe
15:32 Wheelbarrow
14:56 Town Watch
16:43 Bow Saw
16:25 Horse Collar
18:23 Loom
21:01 Hand Cart
22:05 Sanctity
24:00 Gold Mining
27:27 Imperial Age
26:19 Padded Archer Armor
29:36 Chemistry
30:47 Block Printing
32:20 Two-Man Saw
32:34 Leather Archer Armor
37:19 Theocracy
37:58 Ring Archer Armor
我说狂阿七比肥龙强,B站关注狂阿七谢谢喵
10:52 Feudal Age
12:01 Double-Bit Axe
14:30 Castle Age
13:56 Horse Collar
15:55 Bow Saw
20:23 Wheelbarrow
23:58 Hand Cart
25:00 Gold Mining
25:02 Stone Mining
28:32 Imperial Age
25:57 Loom
25:57 Town Watch
27:11 Stone Shaft Mining
26:56 Scale Mail Armor
27:06 Forging
27:27 Ballistics
28:04 Chain Mail Armor
28:28 Squires
28:12 Man-at-Arms
29:28 Iron Casting
28:45 Fletching
29:03 Anarchy
30:40 Chemistry
29:43 Perfusion
30:03 Conscription
29:07 Long Swordsman
29:23 Capped Ram
30:32 Heavy Plow
29:57 Two-Handed Swordsman
31:19 Guilds
30:32 Champion
32:37 Blast Furnace
31:18 Pikeman
31:55 Halberdier
35:16 Bodkin Arrow
35:21 Heavy Scorpion
36:25 Scale Barding Armor
38:04 Masonry
37:50 Murder Holes
37:59 Bracer
39:21 Two-Man Saw
39:19 Architecture
41:56 Chain Barding Armor
我怕你审判长?
11:14 Feudal Age
14:57 Castle Age
13:58 Double-Bit Axe
15:55 Bow Saw
16:44 Horse Collar
23:50 Wheelbarrow
25:33 Heavy Plow
29:32 Imperial Age
26:48 Treadmill Crane
28:36 Chemistry
28:41 Scale Mail Armor
28:58 Wagenburg Tactics
29:28 Chain Mail Armor
30:06 Hand Cart
29:38 Loom
29:39 Town Watch
30:09 Forging
29:24 Pikeman
30:04 Squires
30:15 Squires
31:03 Plate Mail Armor
31:49 Two-Man Saw
30:29 Halberdier
32:35 Houfnice
33:23 Siege Engineers
34:11 Conscription
35:09 Padded Archer Armor
34:48 Heavy Scorpion
35:55 Ballistics
39:31 Elite Skirmisher
40:03 Fletching
40:28 Leather Archer Armor
40:36 Bombard Tower
40:38 Caravan
40:50 Guilds
Connection lost

Rejoining the realm…

Still unreachable

The connection could not be restored.

Session expired

The server has moved on; the page needs a fresh start.